Map: Persephone LE

Players

Rogue - Winner!

  • Race: Zerg Zerg
  • Spawn Location: 7:00

herO

  • Race: Protoss Protoss
  • Spawn Location: 11:00

Event: DreamHack Dallas 2025

VOD

Have the link to the VOD?

Description

Time

  • Played on: May 24, 2025, 4:08 p.m.
  • Length: 10:50

All games in this series

Show
View Real Time Build Order
Export as new Build Order

Rogue Zerg - Winner!

Build Orders: Hatch First 

Get SALT Encoding   

  12  0:00  Drone  
  13  0:09  Drone  
  13  0:14  Drone, Extractor  
  15  0:21  Overlord  
  15  0:40  Drone x2  
  17  0:48  Hatchery  
  16  0:52  Drone  
  16  0:56  Drone  
  18  1:06  Extractor  
  17  1:12  Spawning Pool  
  17  1:16  Drone  
  17  1:17  Drone  
  18  1:27  Drone  
  19  1:38  Drone  
  20  1:49  Overlord  
  20  1:59  Zergling x2  
  21  2:01  Queen  
  21  2:02  Zergling x2, Queen  
  26  2:09  Zergling x2  
  26  2:11  Metabolic Boost  
  26  2:15  Drone  
  28  2:20  Drone  
  28  2:22  Drone  
  30  2:32  Drone  
  30  2:33  Drone  
  32  2:41  Queen  
  34  2:53  Hatchery  
  34  2:54  Overlord  
  34  2:55  Drone  
  34  2:57  Drone  
  35  2:59  Drone  
  36  3:07  Overlord  
  36  3:14  Drone x2  
  36  3:15  Queen  
  36  3:16  Drone  
  36  3:18  Drone  
  41  3:24  Queen  
  43  3:28  Spore Crawler  
  43  3:32  Drone x2  
  44  3:35  Drone  
  44  3:36  Drone  
  44  3:41  Drone  
  47  3:48  Zergling x4  
  49  3:50  Zergling x2  
  49  3:51  Zergling x4  
  49  3:53  Overlord  
  49  3:54  Overlord  
  52  4:02  Overlord  
  52  4:07  Drone x2  
  52  4:08  Drone  
  56  4:10  Drone x2  
  56  4:12  Spore Crawler  
  56  4:16  Drone  
  56  4:20  Drone x2  
  56  4:21  Queen  
  60  4:27  Drone  
  60  4:29  Drone x2  
  60  4:30  Drone x2  
  64  4:35  Spore Crawler  
  64  4:36  Drone  
  64  4:37  Drone, Lair  
  65  4:40  Drone  
  65  4:42  Drone x3  
  69  4:48  Drone x4  
  69  4:51  Drone  
  69  4:52  Drone, Extractor x2  
  74  4:54  Drone  
  74  4:59  Evolution Chamber  
  73  5:01  Zergling x6  
  73  5:04  Zergling x2  
  73  5:05  Zergling x2  
  78  5:07  Drone  
  78  5:11  Extractor  
  78  5:12  Extractor  
  78  5:13  Extractor  
  78  5:14  Overlord  
  76  5:18  Drone x4  
  80  5:22  Hatchery  
  80  5:24  Overlord  
  80  5:25  Drone  
  80  5:31  Overlord  
  80  5:36  Hydralisk Den  
  80  5:37  Zerg Melee Weapons Level 1  
  80  5:39  Drone x8  
  86  5:52  Zergling x2  
  86  5:53  Zergling x10  
  86  5:56  Hatchery  
  91  5:58  Spire  
  91  6:01  Zergling x2  
  91  6:05  Zergling x6  
  92  6:14  Hydralisk x2  
  92  6:15  Hydralisk x3  
  99  6:22  Drone  
  99  6:23  Drone x4  
  99  6:24  Drone, Overlord  
  105  6:26  Overlord  
  105  6:33  Drone  
  105  6:38  Overlord  
  104  6:40  Overlord, Hatchery  
  104  6:41  Overlord  
  104  6:44  Overlord  
  104  6:45  Zergling x4  
  104  6:46  Zergling x10  
  109  6:48  Zergling x2  
  109  6:54  Overlord x2  
  111  6:55  Hatchery  
  111  6:59  Drone  
  111  7:12  Zerg Flyer Weapons Level 1  
  111  7:13  Mutalisk x7  
  125  7:17  Mutalisk x2  
  125  7:19  Extractor  
  125  7:21  Extractor  
  119  7:23  Mutalisk x3  
  119  7:27  Zergling x6  
  127  7:31  Mutalisk  
  127  7:33  Drone  
  127  7:36  Drone x4  
  134  7:44  Mutalisk x2  
  132  7:45  Zergling x2  
  132  7:46  Zergling x10  
  141  7:53  Zerg Melee Weapons Level 2  
  141  8:00  Mutalisk  
  141  8:01  Overlord  
  141  8:02  Drone x3  
  141  8:03  Drone  
  141  8:04  Drone  
  141  8:05  Drone  
  146  8:08  Drone  
  146  8:12  Zergling x18  
  155  8:14  Overlord  
  155  8:16  Mutalisk  
  155  8:19  Mutalisk x2  
  156  8:23  Mutalisk  
  153  8:27  Drone x2  
  153  8:30  Drone, Extractor x2  
  153  8:34  Mutalisk x2  
  142  8:37  Zergling x10  
  142  8:38  Mutalisk  
  151  8:46  Zergling x2  
  151  8:47  Zergling x14  
  151  8:48  Mutalisk  
  157  8:55  Mutalisk x2  
  154  8:59  Drone x3  
  160  9:06  Overlord  
  160  9:07  Hatchery  
  160  9:08  Mutalisk x3  
  165  9:14  Mutalisk  
  165  9:16  Zergling x14  
  173  9:18  Zergling x2  
  173  9:20  Mutalisk  
  173  9:22  Pneumatized Carapace  
  170  9:28  Mutalisk x2  
  170  9:30  Zergling x10  
  177  9:34  Mutalisk  
  177  9:35  Zergling x2  
  177  9:36  Zergling x4  
  179  9:41  Mutalisk x2  
  179  9:42  Zergling x4  
  179  9:43  Zergling x2  
  175  9:49  Mutalisk  
  175  9:50  Mutalisk  
  175  9:52  Overseer x2  
  170  9:56  Overseer x2  
  170  9:59  Mutalisk  
  172  10:00  Zergling x16  
  172  10:01  Zergling x2  
  172  10:04  Mutalisk x2  
  183  10:09  Zergling x2  
  183  10:11  Mutalisk  
  183  10:12  Mutalisk  
  188  10:14  Zergling x2  
  188  10:17  Mutalisk  
  188  10:18  Zergling x6  
  188  10:20  Overlord  
  185  10:29  Zergling x2  
  185  10:31  Zergling x10  
  185  10:32  Drone x2  
Show
View Real Time Build Order
Export as new Build Order

herO Protoss 

Build Orders: 1 Gate Expand, Oracle Opening 

Get SALT Encoding   

  12  0:00  Probe  
  13  0:12  Probe  
  14  0:21  Pylon  
  14  0:25  Probe  
  15  0:35  Probe  
  15  0:42  Gateway  
  16  0:43  Probe  
  17  0:51  Assimilator  
  17  0:53  Probe  
  18  1:05  Probe  
  19  1:17  Probe  
  20  1:27  Nexus  
  20  1:36  Cybernetics Core  
  20  1:40  Probe  
  20  1:46  Assimilator  
  21  1:52  Probe  
  22  1:56  Pylon  
  22  2:04  Probe  
  23  2:12  Probe  
  23  2:14  Adept  
  25  2:19  Stargate  
  25  2:20  Probe  
  26  2:27  Warp Gate  
  26  2:29  Probe  
  27  2:35  Probe  
  28  2:37  Probe  
  28  2:41  Stalker  
  30  2:44  Probe  
  30  2:45  Probe  
  34  2:55  Probe  
  34  2:57  Probe  
  36  3:05  Oracle  
  36  3:07  Probe  
  36  3:09  Probe  
  37  3:14  Adept  
  42  3:20  Pylon  
  42  3:21  Probe x2  
  44  3:30  Gateway  
  44  3:32  Oracle  
  44  3:33  Probe x2  
  46  3:45  Probe x2  
  51  4:00  Nexus  
  51  4:02  Pylon  
  51  4:03  Probe x2  
  52  4:14  Pylon  
  52  4:16  Assimilator  
  52  4:17  Assimilator  
  52  4:20  Oracle  
  52  4:21  Adept  
  52  4:23  Probe x2  
  59  4:27  Adept  
  61  4:34  Twilight Council  
  61  4:36  Forge  
  61  4:37  Probe  
  61  4:38  Probe  
  63  4:49  Probe  
  63  4:50  Probe  
  65  4:54  Gateway x2  
  65  5:02  Probe x2  
  65  5:03  Protoss Ground Weapons Level 1  
  65  5:04  Blink  
  65  5:06  Stalker  
  69  5:09  Probe  
  69  5:14  Probe x2  
  71  5:17  Probe  
  73  5:25  Stalker  
  73  5:26  Probe x2  
  77  5:29  Pylon, Stalker  
  77  5:30  Probe  
  80  5:36  Shield Battery  
  80  5:38  Probe x2  
  82  5:43  Probe  
  82  5:49  Gateway  
  83  5:50  Probe  
  83  5:51  Probe  
  83  5:53  Stalker x2  
  89  5:59  Pylon, Templar Archives  
  89  6:02  Pylon, Stalker  
  90  6:06  Probe x3  
  90  6:10  Assimilator  
  92  6:11  Assimilator  
  92  6:18  Probe x3  
  92  6:20  Pylon  
  92  6:23  Gateway  
  95  6:26  Stalker x2  
  95  6:31  Stalker x2  
  95  6:32  Probe  
  104  6:33  Probe  
  103  6:43  Psionic Storm, Probe  
  103  6:44  Probe  
  99  6:57  Fleet Beacon  
  99  6:58  Gateway  
  99  7:00  High Templar  
  99  7:01  Zealot x3  
  105  7:02  Gateway  
  105  7:05  Photon Cannon  
  104  7:10  High Templar  
  106  7:18  Protoss Ground Weapons Level 2  
  106  7:19  Stalker  
  106  7:22  Pylon  
  108  7:26  Stalker x3  
  114  7:31  Pylon  
  114  7:33  Pylon  
  114  7:37  High Templar  
  114  7:39  Probe  
  114  7:40  Probe x2  
  114  7:41  Photon Cannon  
  114  7:43  Shield Battery  
  119  7:49  Nexus  
  119  7:54  Charge  
  123  8:00  Stalker x3  
  116  8:15  Stalker  
  116  8:17  Probe x3  
  118  8:22  Stalker x4  
  115  8:29  Probe x2  
  115  8:31  Archon  
  115  8:34  Probe  
  115  8:37  Pylon  
  115  8:39  Stalker x2  
  115  8:41  Probe  
  114  8:43  Mothership  
  114  8:46  Probe  
  114  8:47  Probe  
  109  8:52  Photon Cannon  
  105  8:59  Zealot  
  105  9:00  Probe, Zealot x3  
  122  9:06  Pylon  
  122  9:10  Probe x2  
  122  9:15  Stalker x2  
  127  9:20  Probe  
  127  9:22  Probe x2  
  124  9:26  Stalker  
  115  9:32  Probe  
  101  9:39  Stalker x2  
  89  9:51  Probe x2  
  89  9:52  High Templar x2  
  86  10:02  Probe  
  86  10:03  Probe  
  86  10:05  High Templar, Zealot x3  
  93  10:11  Archon  
  93  10:13  Zealot x2  
  87  10:28  Zealot x4  
  85  10:43  Stalker x2  
Tags
 
Add a new tag
Caveats
  • Supply blocks, unpowered buildings, or Contaminate may cause inaccurate times.
  • Supply counts are checked every 10 seconds.